Workbook

Sheet Partidas
A1: ANEXO 2 LISTADO PRECIOS REFERENCIA
A2: Presupuesto | G2: Oferta económica
A3: Código | B3: Nat | C3: Ud | D3: Resumen | E3: CanPres | F3: Pres | G3: ImpPres OFERTADO
A4: C01 | B4: Capítulo | D4: ACTUACIONES PREVIAS
A5: C0101 | B5: Partida | C5: m2 | D5: RECERCADO DE HUECOS | E5: 1 | F5: 41.06 | G5: =ROUND(E5*F5,2) -> 41.06
D6: M2 Recercado de hueco mediante tablones de madera en rigidización de paramentos en Cruz de San Andrés.i/ medios auxiliares.
A7: C0102 | B7: Partida | C7: m2 | D7: CUAJADO DE HUECOS | E7: 1 | F7: 61.01 | G7: =ROUND(E7*F7,2) -> 61.01
D8: M2 Cuajado de hueco para rigidización con levante de albañileria, incluso medios auxiliares.
A9: TOTAL | D9: Total C01 | G9: =SUM(G5:G8) -> 102.07
A11: C02 | B11: Capítulo | D11: FONTANERIA
A12: C0201 | B12: Capítulo | D12: ACOMETIDAS Y CONTADORES
A13: C020101 | B13: Capítulo | D13: TUBERIA HASTA 1 1/2" Y 35 MM
A14: D02010101 | B14: Partida | C14: UD | D14: SUSTITUCION TUBERIA METALICA HASTA 1 ML | E14: 1 | F14: 183.47 | G14: =ROUND(E14*F14,2) -> 183.47
D15: UD Sustitución de tubería metalica acero negro o plástica hasta 1 ml ,incluso materiales, realización del trabajo, retirada de escombros, limpieza, montaje y desmontaje de sanitarios.
A16: D02010102 | B16: Partida | C16: UD | D16: SUSTITUCION TUBERIA METALICA DE 1 ML A 3ML | E16: 1 | F16: 228.31 | G16: =ROUND(E16*F16,2) -> 228.31
D17: UD Sustitución de tubería metalica acero negro o plástica hasta 3 ml , incluso materiales, realización del trabajo, retirada de escombros, limpieza, montaje y desmontaje de sanitarios.
A18: D02010103 | B18: Partida | C18: UD | D18: SUSTITUCION "T" | E18: 1 | F18: 216.08 | G18: =ROUND(E18*F18,2) -> 216.08
D19: UD Sustitución "T" de derivación metálica acero negro o plástico , i/tramos necesarios, incluso materiales, realización del trabajo, retiradad de escombros, limpieza , montaje y desmontaje de sanitarios.
D20: Total C020101
A22: C020102 | B22: Capítulo | D22: TUBERIA DE 1 1/2" HASTA 2 1/2"
A23: D02010201 | B23: Partida | C23: UD | D23: SUSTITUCION TUBERIA METALICA HASTA 1 ML | E23: 1 | F23: 244.62 | G23: =ROUND(E23*F23,2) -> 244.62
D24: Sustitución de tramo de tubería metalica acero negro o plático hasta 1 ml, incluso materiales, realización del trabajo, retiradad des escombros, limpieza, montaje y desmontaje de sanitarios.
A25: D02010202 | B25: Partida | C25: UD | D25: SUSTITUCION TUBERIA METALICA DE 1 ML A 3ML | E25: 1 | F25: 503.52 | G25: =ROUND(E25*F25,2) -> 503.52
D26: Sustitución tramo de tubería metálica acero negro o plástico. De más de 1 ml. hasta 3 ml. incluso materiales, realización del trabajo, retirada de escombros, limpieza, montaje y desmontaje de santarios
A27: D02010203 | B27: Partida | C27: UD | D27: SUSTITUCION "T" | E27: 1 | F27: 287.43 | G27: =ROUND(E27*F27,2) -> 287.43
D28: Sustitución "T" de derivación en metálica o sintética, i./tramos necesarios. incluso materiales, realización del trabajo, retirada de escombros, limpieza, montaje y desmontaje de santarios
D29: Total C020102
A31: C020103 | B31: Partida | C31: u | D31: SUSTITUCIÓN LLAVE ESFERA DN20 (3/4") | E31: 1 | F31: 20.09 | G31: =ROUND(E31*F31,2) -> 20.09
D32: Sustitución de llave/válvula en instalación por una nueva válvula de corte por esfera de DN20 (3/4"), conforme a norma UNE-EN 13828, con conexión roscada, de latón cromado; incluyendo la retirada de la antigua llave, montaje de la nueva, probada y funcionando; I/p.p. de limpieza, material y medios auxiliares, según C.T.E. HS-4.
A33: C020104 | B33: Partida | C33: u | D33: SUSTITUCIÓN LLAVE ESFERA DN25 (1") | E33: 1 | F33: 23.25 | G33: =ROUND(E33*F33,2) -> 23.25
D34: Sustitución de llave/válvula en instalación por una nueva válvula de corte por esfera de DN25 (1"), conforme a norma UNE-EN 13828, con conexión roscada, de latón cromado; incluyendo la retirada de la antigua llave y montaje de la nueva, probada y funcionando; I/p.p. de limpieza, material y medios auxiliares, según C.T.E. HS-4.
A35: C020105 | B35: Partida | C35: u | D35: SUSTITUCIÓN LLAVE ESFERA DN32 (1 1/4") | E35: 1 | F35: 29.58 | G35: =ROUND(E35*F35,2) -> 29.58
D36: Sustitución de llave/válvula en instalación por una nueva válvula de corte por esfera de DN32 (1 1/4"), conforme a norma UNE-EN 13828, con conexión roscada, de latón cromado; incluyendo la retirada de la antigua llave y montaje de la nueva, probada y funcionando; I/p.p. de limpieza, material y medios auxiliares, según C.T.E. HS-4.
A37: C020106 | B37: Partida | C37: u | D37: SUSTITUCIÓN LLAVE ESFERA DN40 (1 1/2") | E37: 1 | F37: 45.03 | G37: =ROUND(E37*F37,2) -> 45.03
D38: Sustitución de llave/válvula en instalación por una nueva válvula de corte por esfera de DN40 (1 1/2"), conforme a norma UNE-EN 13828, con conexión roscada, de latón cromado; incluyendo la retirada de la antigua llave y montaje de la nueva, probada y funcionando; I/p.p. de limpieza, material y medios auxiliares, según C.T.E. HS-4.
A39: C020107 | B39: Partida | C39: u | D39: SUSTITUCIÓN LLAVE ESFERA DN50 (2") | E39: 1 | F39: 58.75 | G39: =ROUND(E39*F39,2) -> 58.75
D40: Sustitución de llave/válvula en instalación por una nueva válvula de corte por esfera de DN50 (2"), conforme a norma UNE-EN 13828, con conexión roscada, de latón cromado; incluyendo la retirada de la antigua llave y montaje de la nueva, probada y funcionando; I/p.p. de limpieza, material y medios auxiliares, según C.T.E. HS-4.
A41: C020108 | B41: Partida | C41: u | D41: SUSTITUCIÓN LLAVE ESFERA DN63 (2 1/2") | E41: 1 | F41: 96.86 | G41: =ROUND(E41*F41,2) -> 96.86
D42: Sustitución de llave/válvula en instalación por una nueva válvula de corte por esfera de DN63 (2 1/2"), conforme a norma UNE-EN 13828, con conexión roscada, de latón cromado; incluyendo la retirada de la antigua llave y montaje de la nueva, probada y funcionando; I/p.p. de limpieza, material y medios auxiliares, según C.T.E. HS-4.
A43: C020109 | B43: Partida | C43: u | D43: SUSTITUCIÓN VÁLVULA DE RETENCIÓN DN20 (3/4") | E43: 1 | F43: 19.05 | G43: =ROUND(E43*F43,2) -> 19.05
D44: Sustitución de válvula de retención en instalación por una nueva válvula de retención de DN20 (3/4"), con conexión roscada, de latón fundido; incluyendo la retirada de la antigua llave y montaje de la nueva, probada y funcionando; I/p.p. de limpieza, material y medios auxiliares, según C.T.E. HS-4.
A45: C020110 | B45: Partida | C45: u | D45: SUSTITUCIÓN VÁLVULA DE RETENCIÓN DN25 (1") | E45: 1 | F45: 21.12 | G45: =ROUND(E45*F45,2) -> 21.12
D46: Sustitución de válvula de retención en instalación por una nueva válvula de retención de DN25 (1"), con conexión roscada, de latón fundido; incluyendo la retirada de la antigua llave y montaje de la nueva, probada y funcionando; I/p.p. de limpieza, material y medios auxiliares, según C.T.E. HS-4.
A47: C020111 | B47: Partida | C47: u | D47: SUSTITUCIÓN VÁLVULA DE RETENCIÓN DN32 (1 1/4") | E47: 1 | F47: 28.13 | G47: =ROUND(E47*F47,2) -> 28.13
D48: Sustitución de válvula de retención en instalación por una nueva válvula de retención de DN32 (1 1/4"), con conexión roscada, de latón fundido; incluyendo la retirada de la antigua llave y montaje de la nueva, probada y funcionando; I/p.p. de limpieza, material y medios auxiliares, según C.T.E. HS-4.
A49: C020112 | B49: Partida | C49: u | D49: SUSTITUCIÓN VÁLVULA DE RETENCIÓN DN40 (1 1/2") | E49: 1 | F49: 34.48 | G49: =ROUND(E49*F49,2) -> 34.48
D50: Sustitución de válvula de retención en instalación por una nueva válvula de retención de DN40 (1 1/2"), con conexión roscada, de latón fundido; incluyendo la retirada de la antigua llave y montaje de la nueva, probada y funcionando; I/p.p. de limpieza, material y medios auxiliares, según C.T.E. HS-4.
A51: C020113 | B51: Partida | C51: u | D51: SUSTITUCIÓN VÁLVULA DE RETENCIÓN DN50 (2") | E51: 1 | F51: 46.04 | G51: =ROUND(E51*F51,2) -> 46.04
D52: Sustitución de válvula de retención en instalación por una nueva válvula de retención de DN50 (2"), con conexión roscada, de latón fundido; incluyendo la retirada de la antigua llave y montaje de la nueva, probada y funcionando; I/p.p. de limpieza, material y medios auxiliares, según C.T.E. HS-4.
A53: C020114 | B53: Partida | C53: u | D53: SUSTITUCIÓN VÁLVULA DE RETENCIÓN DN65 (2 1/2") | E53: 1 | F53: 77.28 | G53: =ROUND(E53*F53,2) -> 77.28
D54: Sustitución de válvula de retención en instalación por una nueva válvula de retención de DN65 (2 1/2"), con conexión roscada, de latón fundido; incluyendo la retirada de la antigua llave y montaje de la nueva, probada y funcionando; I/p.p. de limpieza, material y medios auxiliares, según C.T.E. HS-4.
D55: Total C0201
A57: C0202 | B57: Capítulo | D57: RED DE DISTRIBUCION
A58: C020201 | B58: Partida | C58: u | D58: REPARACIÓN TUBERÍA COBRE D=12 mm | E58: 1 | F58: 177.42 | G58: =ROUND(E58*F58,2) -> 177.42
D59: Reparación en tubería de cobre de diámetro 12 mm, consistente en corte de la tubería por la zona afectada y empalme de la tubería con tramo nuevo mediante manguitos de empalme; I/p.p. de apertura de hueco en techo o pared hasta descubrir la tubería, limpieza de la zona para trabajos de fontanería, material y medios auxiliares para realizar los trabajos, y tapado de tubería con protección y reposición de techo o paramento.
A60: C020202 | B60: Partida | C60: u | D60: REPARACIÓN TUBERÍA COBRE D=15 mm | E60: 1 | F60: 178.08 | G60: =ROUND(E60*F60,2) -> 178.08
D61: Reparación en tubería de cobre de diámetro 15 mm, consistente en corte de la tubería por la zona afectada y empalme de la tubería con tramo nuevo mediante manguitos de empalme; I/p.p. de apertura de hueco en techo o pared hasta descubrir la tubería, limpieza de la zona para trabajos de fontanería, material y medios auxiliares para realizar los trabajos, y tapado de tubería con protección y reposición de techo o paramento.
A62: C020203 | B62: Partida | C62: u | D62: REPARACIÓN TUBERÍA COBRE D=18 mm | E62: 1 | F62: 180.81 | G62: =ROUND(E62*F62,2) -> 180.81
D63: Reparación en tubería de cobre de diámetro 18 mm, consistente en corte de la tubería por la zona afectada y empalme de la tubería con tramo nuevo mediante manguitos de empalme; I/p.p. de apertura de hueco en techo o pared hasta descubrir la tubería, limpieza de la zona para trabajos de fontanería, material y medios auxiliares para realizar los trabajos, y tapado de tubería con protección y reposición de techo o paramento.
A64: C020204 | B64: Partida | C64: u | D64: REPARACIÓN TUBERÍA COBRE D=22 mm | E64: 1 | F64: 183.88 | G64: =ROUND(E64*F64,2) -> 183.88
D65: Reparación en tubería de cobre de diámetro 22 mm, consistente en corte de la tubería por la zona afectada y empalme de la tubería con tramo nuevo mediante manguitos de empalme; I/p.p. de apertura de hueco en techo o pared hasta descubrir la tubería, limpieza de la zona para trabajos de fontanería, material y medios auxiliares para realizar los trabajos, y tapado de tubería con protección y reposición de techo o paramento.
A66: C020205 | B66: Partida | C66: u | D66: REPARACIÓN TUBERÍA COBRE D=28 mm | E66: 1 | F66: 193.09 | G66: =ROUND(E66*F66,2) -> 193.09
D67: Reparación en tubería de cobre de diámetro 28 mm, consistente en corte de la tubería por la zona afectada y empalme de la tubería con tramo nuevo mediante manguitos de empalme; I/p.p. de apertura de hueco en techo o pared hasta descubrir la tubería, limpieza de la zona para trabajos de fontanería, material y medios auxiliares para realizar los trabajos, y tapado de tubería con protección y reposición de techo o paramento.
A68: C020206 | B68: Partida | C68: u | D68: REPARACIÓN TUBERÍA COBRE D=35 mm | E68: 1 | F68: 224.09 | G68: =ROUND(E68*F68,2) -> 224.09
D69: Reparación en tubería de cobre de diámetro 35 mm, consistente en corte de la tubería por la zona afectada y empalme de la tubería con tramo nuevo mediante manguitos de empalme; I/p.p. de apertura de hueco en techo o pared hasta descubrir la tubería, limpieza de la zona para trabajos de fontanería, material y medios auxiliares para realizar los trabajos, y tapado de tubería con protección y reposición de techo o paramento.
A70: C020207 | B70: Partida | C70: u | D70: REPARACIÓN TUBERÍA ACERO GALV. D=15 mm | E70: 1 | F70: 197.94 | G70: =ROUND(E70*F70,2) -> 197.94
D71: Reparación en tubería de acero de diámetro 15 mm, consistente en corte de la tubería por la zona afectada y empalme de la tubería con tramo nuevo de tubería de acero galvanizado de 1/2" (DN-15 mm), fabricada según norma UNE-EN 10255:2005+A1:2008, mediante piezas de unión; I/p.p. de apertura de hueco en techo o pared hasta descubrir la tubería, limpieza de la zona para trabajos de fontanería, material y medios auxiliares para realizar los trabajos, y tapado de tubería con protección y reposición de techo o paramento.
A72: C020208 | B72: Partida | C72: u | D72: REPARACIÓN TUBERÍA ACERO GALV. D=20 mm | E72: 1 | F72: 200.67 | G72: =ROUND(E72*F72,2) -> 200.67
D73: Reparación en tubería de acero de diámetro 20 mm, consistente en corte de la tubería por la zona afectada y empalme de la tubería con tramo nuevo de tubería de acero galvanizado de 3/4" (DN-20 mm), fabricada según norma UNE-EN 10255:2005+A1:2008, mediante piezas de unión; I/p.p. de apertura de hueco en techo o pared hasta descubrir la tubería, limpieza de la zona para trabajos de fontanería, material y medios auxiliares para realizar los trabajos, y tapado de tubería con protección y reposición de techo o paramento.
A74: C020209 | B74: Partida | C74: u | D74: REPARACIÓN TUBERÍA ACERO GALV. D=25 mm | E74: 1 | F74: 208.05 | G74: =ROUND(E74*F74,2) -> 208.05
D75: Reparación en tubería de acero de diámetro 25 mm, consistente en corte de la tubería por la zona afectada y empalme de la tubería con tramo nuevo de tubería de acero galvanizado de 1" (DN-25 mm), fabricada según norma UNE-EN 10255:2005+A1:2008, mediante piezas de unión; I/p.p. de apertura de hueco en techo o pared hasta descubrir la tubería, limpieza de la zona para trabajos de fontanería, material y medios auxiliares para realizar los trabajos, y tapado de tubería con protección y reposición de techo o paramento.
A76: C020210 | B76: Partida | C76: u | D76: REPARACIÓN TUBERÍA ACERO GALV. D=32 mm | E76: 1 | F76: 217.86 | G76: =ROUND(E76*F76,2) -> 217.86
D77: Reparación en tubería de acero de diámetro 32 mm, consistente en corte de la tubería por la zona afectada y empalme de la tubería con tramo nuevo de tubería de acero galvanizado de 1 1/4" (DN-32 mm), fabricada según norma UNE-EN 10255:2005+A1:2008, mediante piezas de unión; I/p.p. de apertura de hueco en techo o pared hasta descubrir la tubería, limpieza de la zona para trabajos de fontanería, material y medios auxiliares para realizar los trabajos, y tapado de tubería con protección y reposición de techo o paramento.
A78: C020211 | B78: Partida | C78: u | D78: REPARACIÓN TUBERÍA POLIETILENO RET. D=16 mm | E78: 1 | F78: 169.85 | G78: =ROUND(E78*F78,2) -> 169.85
D79: Reparación en tubería de material plástico, consistente en corte de la tubería por la zona afectada y empalme de la tubería de polietileno reticulado sistema peróxido PE-Xa de 16 mm x 1,8 mm de espesor, con tramo nuevo mediante manguitos de empalme; I/p.p. de apertura de hueco en techo o pared hasta descubrir la tubería, limpieza de la zona para trabajos de fontanería, material y medios auxiliares para realizar los trabajos, y tapado de tubería con protección y con reposición de techo o paramento.
A80: C020212 | B80: Partida | C80: u | D80: REPARACIÓN TUBERÍA POLIETILENO RET. D=20 mm | E80: 1 | F80: 172.57 | G80: =ROUND(E80*F80,2) -> 172.57
D81: Reparación en tubería de material plástico, consistente en corte de la tubería por la zona afectada y empalme de la tubería de polietileno reticulado sistema peróxido PE-Xa de 20 mm x 1,9 mm de espesor, con tramo nuevo mediante manguitos de empalme; I/p.p. de apertura de hueco en techo o pared hasta descubrir la tubería, limpieza de la zona para trabajos de fontanería, material y medios auxiliares para realizar los trabajos, y tapado de tubería con protección y con reposición de techo o paramento.
A82: C020213 | B82: Partida | C82: u | D82: REPARACIÓN TUBERÍA POLIETILENO RET. D=25 mm | E82: 1 | F82: 181.59 | G82: =ROUND(E82*F82,2) -> 181.59
D83: Reparación en tubería de material plástico, consistente en corte de la tubería por la zona afectada y empalme de la tubería de polietileno reticulado sistema peróxido PE-Xa de 25 mm x 2,3 mm de espesor, con tramo nuevo mediante manguitos de empalme; I/p.p. de apertura de hueco en techo o pared hasta descubrir la tubería, limpieza de la zona para trabajos de fontanería, material y medios auxiliares para realizar los trabajos, y tapado de tubería con protección y con reposición de techo o paramento.
A84: C020214 | B84: Partida | C84: u | D84: REPARACIÓN TUBERÍA POLIETILENO RET. D=32 mm | E84: 1 | F84: 198.53 | G84: =ROUND(E84*F84,2) -> 198.53
D85: Reparación en tubería de material plástico, consistente en corte de la tubería por la zona afectada y empalme de la tubería de polietileno reticulado sistema peróxido PE-Xa de 32 mm x 2,9 mm de espesor, con tramo nuevo mediante manguitos de empalme; I/p.p. de apertura de hueco en techo o pared hasta descubrir la tubería, limpieza de la zona para trabajos de fontanería, material y medios auxiliares para realizar los trabajos, y tapado de tubería con protección y con reposición de techo o paramento.
A86: C020215 | B86: Partida | C86: u | D86: SUSTITUCIÓN / MONTAJE LLAVE ESFERA D=15 mm | E86: 1 | F86: 88.76 | G86: =ROUND(E86*F86,2) -> 88.76
D87: Sustitución o montaje de nueva válvula de corte de esfera en instalación existente de DN15 (1/2"), conforme a norma UNE-EN 13828, con conexión roscada, de latón cromado. Incluye los trabajos de descubrir la tubería y levantado y rozado de paramento (alicatado cerámico), montaje de nueva tubería y recibido de tubos con la llave, protección de instalación, tapado y acabado del paramento, I/p.p. de materiales y medios auxiliares, colocado según C.T.E. HS-4.
A88: C020216 | B88: Partida | C88: u | D88: SUSTITUCIÓN / MONTAJE LLAVE ESFERA D=12 mm | E88: 1 | F88: 88.52 | G88: =ROUND(E88*F88,2) -> 88.52
D89: Sustitución o montaje de nueva válvula de corte de esfera en instalación existente de DN12 (3/8"), conforme a norma UNE-EN 13828, con conexión roscada, de latón cromado. Incluye los trabajos de descubrir la tubería y levantado y rozado de paramento (alicatado cerámico), montaje de nueva tubería y recibido de tubos con la llave, protección de instalación, tapado y acabado del paramento, I/p.p. de materiales y medios auxiliares, colocado según C.T.E. HS-4.
A90: C020217 | B90: Partida | C90: u | D90: SUSTITUCIÓN / MONTAJE LLAVE EMPOTRAR CUARTO HÚM. D=18 mm | E90: 1 | F90: 147.42 | G90: =ROUND(E90*F90,2) -> 147.42
D91: Sustitución o montaje de llave de corte de cuarto húmedo en una instalación ejecutada con anterioridad, formada por nueva válvula de paso de diámetro de 18 mm (1/2") para empotrar, de paso recto, cromada de mando redondo, probada y funcionando. Incluye los trabajos de descubrir la tubería y levantado y rozado de paramento (alicatado cerámico), montaje de nueva tubería y recibido de tubos con la llave, protección de instalación, tapado y acabado del paramento, I/p.p. de materiales y medios auxiliares, colocado según C.T.E. HS-4.
A92: C020218 | B92: Partida | C92: u | D92: SUSTITUCIÓN / MONTAJE LLAVE EMPOTRAR CUARTO HÚM. D=22 mm | E92: 1 | F92: 147.82 | G92: =ROUND(E92*F92,2) -> 147.82
D93: Sustitución o montaje de llave de corte de cuarto húmedo en una instalación ejecutada con anterioridad, formada por nueva válvula de paso de diámetro de 22 mm (3/4") para empotrar, de paso recto, cromada de mando redondo, probada y funcionando. Incluye los trabajos de descubrir la tubería y levantado y rozado de paramento (alicatado cerámico), montaje de nueva tubería y recibido de tubos con la llave, protección de instalación, tapado y acabado del paramento, I/p.p. de materiales y medios auxiliares, colocado según C.T.E. HS-4.
A94: C020219 | B94: Partida | C94: u | D94: SUSTITUCIÓN / MONTAJE LLAVE EMPOTRAR CUARTO HÚM. D=28 mm | E94: 1 | F94: 151.02 | G94: =ROUND(E94*F94,2) -> 151.02
D95: Sustitución o montaje de llave de corte de cuarto húmedo en una instalación ejecutada con anterioridad, formada por nueva válvula de paso de diámetro de 28 mm (1") para empotrar, de paso recto, cromada de mando redondo, probada y funcionando. Incluye los trabajos de descubrir la tubería y levantado y rozado de paramento (alicatado cerámico), montaje de nueva tubería y recibido de tubos con la llave, protección de instalación, tapado y acabado del paramento, I/p.p. de materiales y medios auxiliares, colocado según C.T.E. HS-4.
A96: C020220 | B96: Partida | C96: m | D96: TUBERÍA EMPOTRADA COBRE D=12 mm | E96: 1 | F96: 23.81 | G96: =ROUND(E96*F96,2) -> 23.81
D97: Instalación de nueva tubería de agua para fontanería en instalación de agua fría o caliente empotrada sobre paramento de ladrillo o similar, consistente en apertura manual de rozas; instalación de tubería de cobre recocido de 12 mm de diámetro nominal, según UNE-EN 1057:2007+A1:2010, bajo tubo de protección de polipropileno azul o rojo según UNE-EN 61386-22; tapado de tubería y enfoscado con mortero de cemento CSIII-W1 sin maestrear, para preparación del soporte para revestir con alicatado (no incluido); I/p.p. de piezas especiales y material auxiliar, según C.T.E. DB-HS4.
A98: C020221 | B98: Partida | C98: m | D98: TUBERÍA EMPOTRADA COBRE D=15 mm | E98: 1 | F98: 24.56 | G98: =ROUND(E98*F98,2) -> 24.56
D99: Instalación de nueva tubería de agua para fontanería en instalación de agua fría o caliente empotrada sobre paramento de ladrillo o similar, consistente en apertura manual de rozas; instalación de tubería de cobre recocido de 15 mm de diámetro nominal, según UNE-EN 1057:2007+A1:2010, bajo tubo de protección de polipropileno azul o rojo según UNE-EN 61386-22; tapado de tubería y enfoscado con mortero de cemento CSIII-W1 sin maestrear, para preparación del soporte para revestir con alicatado (no incluido); I/p.p. de piezas especiales y material auxiliar, según C.T.E. DB-HS4.
A100: C020222 | B100: Partida | C100: m | D100: TUBERÍA EMPOTRADA COBRE D=18 mm | E100: 1 | F100: 27.1 | G100: =ROUND(E100*F100,2) -> 27.1
D101: Instalación de nueva tubería de agua para fontanería en instalación de agua fría o caliente empotrada sobre paramento de ladrillo o similar, consistente en apertura manual de rozas; instalación de tubería de cobre recocido de 18 mm de diámetro nominal, según UNE-EN 1057:2007+A1:2010, bajo tubo de protección de polipropileno azul o rojo según UNE-EN 61386-22; tapado de tubería y enfoscado con mortero de cemento CSIII-W1 sin maestrear, para preparación del soporte para revestir con alicatado (no incluido); I/p.p. de piezas especiales y material auxiliar, según C.T.E. DB-HS4.
A102: C020223 | B102: Partida | C102: m | D102: TUBERÍA EMPOTRADA COBRE D=22 mm | E102: 1 | F102: 29.88 | G102: =ROUND(E102*F102,2) -> 29.88
D103: Instalación de nueva tubería de agua para fontanería en instalación de agua fría o caliente empotrada sobre paramento de ladrillo o similar, consistente en apertura manual de rozas; instalación de tubería de cobre recocido de 22 mm de diámetro nominal, según UNE-EN 1057:2007+A1:2010, bajo tubo de protección de polipropileno azul o rojo según UNE-EN 61386-22; tapado de tubería y enfoscado con mortero de cemento CSIII-W1 sin maestrear, para preparación del soporte para revestir con alicatado (no incluido); I/p.p. de piezas especiales y material auxiliar, según C.T.E. DB-HS4.
A104: C020224 | B104: Partida | C104: m | D104: TUBERÍA EMPOTRADA COBRE D=28 mm | E104: 1 | F104: 36.94 | G104: =ROUND(E104*F104,2) -> 36.94
...

Sheet Resumen capítulos
A1: RESUMEN DE CAPITULOS
A2: Presupuesto | C2: Oferta economica
A3: Código | B3: Resumen | C3: ImpPres
A4: C01 | B4: ACTUACIONES PREVIAS | C4: =Partidas!G9 -> 102.07
A5: C02 | B5: FONTANERIA | C5: =Partidas!G399 -> 34395.74
A6: C03 | B6: DESCIEGUES Y SANEAMIENTOS | C6: =Partidas!G416 -> 993.69
A7: C04 | B7: ALBAÑILERIA | C7: =Partidas!G685 -> 9846.23
A8: C05 | B8: CUBIERTAS E IMPERMEABILIZACIONES | C8: =Partidas!G728 -> 2590.98
A9: C06 | B9: CARPINTERIA INTERIOR | C9: =Partidas!G757 -> 1851.15
A10: C07 | B10: CARPINTERIA EXTERIOR Y CERRAJERIA | C10: =Partidas!G816 -> 2306.15
A11: C08 | B11: VIDRIOS | C11: =Partidas!G857 -> 1187.91
A12: C09 | B12: PINTURAS Y TRATAMIENTOS ESPECIFICOS | C12: =Partidas!G932 -> 2736.27
A13: C10 | B13: ELECTRICIDAD | C13: =Partidas!G1400 -> 33260.14
A14: C11 | B14: CALEFACCION E INSTALACION DE GAS | C14: =Partidas!G1502 -> 13035.15
A15: C12 | B15: LIMPIEZA Y TRATAMIENTOS DE HIGIENE | C15: =Partidas!G1533 -> 3533.09
A16: C13 | B16: MANTENIMIENTO CALDERAS INDIVIDUALES | C16: =Partidas!G1586 -> 6940.58
A17: C14 | B17: VARIOS | C17: =Partidas!G1594 -> 134.83
A18: C15 | B18: GESTION DE RESIDUOS | C18: =Partidas!G1612 -> 1365.43
A19: C16 | B19: JARDINERIA | C19: =Partidas!G1629 -> 531.2
A20: C27 | B20: COCINAS | C20: =Partidas!G1647 -> 2383.77
A21: C18 | B21: VENTILACION | C21: =Partidas!G1684 -> 1015.18
B22: Total NASUVINSA | C22: =SUM(C4:C21) -> 118209.56

Sheet Formato de oferta
B2: OFERTA ECONOMICA
B3: Oferta económica que suma el coste resultante de todos los capítulos con los precios unitarios ofertados de las unidades objeto de contrato
B6: Código | C6: CAPÍTULOS del LISTADO de PRECIOS DE REFERENCIA | D6: PRECIO MÁXIMO DE EVALUACIÓN | F6: PRECIO MÁXIMO OFERTADO
D7: Cm | F7: Ci ≤ Cm
B8: C01 | C8: ACTUACIONES PREVIAS | D8: ='Resumen capítulos'!C4 -> 102.07
B9: C02 | C9: FONTANERIA | D9: ='Resumen capítulos'!C5 -> 34395.74
B10: C03 | C10: DESCIEGUES Y SANEAMIENTOS | D10: ='Resumen capítulos'!C6 -> 993.69
B11: C04 | C11: ALBAÑILERIA | D11: ='Resumen capítulos'!C7 -> 9846.23
B12: C05 | C12: CUBIERTAS E IMPERMEABILIZACIONES | D12: ='Resumen capítulos'!C8 -> 2590.98
B13: C06 | C13: CARPINTERIA INTERIOR | D13: ='Resumen capítulos'!C9 -> 1851.15
B14: C07 | C14: CARPINTERIA EXTERIOR Y CERRAJERIA | D14: ='Resumen capítulos'!C10 -> 2306.15
B15: C08 | C15: VIDRIOS | D15: ='Resumen capítulos'!C11 -> 1187.91
B16: C09 | C16: PINTURAS Y TRATAMIENTOS ESPECIFICOS | D16: ='Resumen capítulos'!C12 -> 2736.27
B17: C10 | C17: ELECTRICIDAD | D17: ='Resumen capítulos'!C13 -> 33260.14
B18: C11 | C18: CALEFACCION E INSTALACION DE GAS | D18: ='Resumen capítulos'!C14 -> 13035.15
B19: C12 | C19: LIMPIEZA Y TRATAMIENTOS DE HIGIENE | D19: ='Resumen capítulos'!C15 -> 3533.09
... B25: C18 | C25: VENTILACION | D25: ='Resumen capítulos'!C21 -> 1015.18
C26: TOTAL | D26: =SUM(D8:D25) -> 118209.56 | F26: =SUM(F8:F25) -> 0
C29: Fecha y firma electrónica:
